Griffins vs Diablos
(R2)
Created - April 6, 2019 at 20:45
Goals
|
Griffins |
2 |
2 |
2 |
6 |
Diablos |
1 |
3 |
1 |
5 |
|
Shots
|
Griffins |
10 |
10 |
10 |
30 |
Diablos |
7 |
19 |
7 |
33 |
|
1st period
1. Diablos , Jason Akeson 34 (Nick Spaling 39) at 9:58 (PP)
2. Griffins , Anton Slepyshev 13 (Bryan Young 25, Ben Hanowski 30) at 12:44
3. Griffins , Tye McGinn 26 (Jamie Arniel 28, Ian McCoshen 6) at 15:02
Penalties :
Tye McGinn (Cap) for Cross-checking (Minor) at 8:38, Robert Dome (Cap) for Tripping (Minor) at 17:31
2nd period
4. Griffins , Tye McGinn 27 (Connor Brown 74) at 1:05
5. Diablos , Lars Eller 32 (Nick Spaling 40, Cameron Gaunce 34) at 5:02
6. Griffins , Nathan Gerbe 37 (Petter Granberg 14) at 6:30
7. Diablos , Corey Trivino 23 (Jordan Szwarz 30, Lars Eller 67) at 10:31
8. Diablos , Philip Larsen 5 (Jiri Sekac 21, Jordan Szwarz 31) at 11:08
Penalties :
No Penalty
3rd period
9. Griffins , Petter Granberg 1 (Anton Slepyshev 21, J.T. Brown 31) at 7:59 (PP)
10. Diablos , Marek Zagrapan 13 (Philip Larsen 28, Alex Petrovic 32) at 11:05
11. Griffins , Simon Despres 8 (Petr Pohl 63, Marko Dano 51) at 16:39 (PP)
Penalties :
Marek Zagrapan (Don) for Roughing (Minor) at 2:29, Cameron Gaunce (Don) for Tripping (Minor) at 6:00, Jamie Arniel (Cap) for Hooking (Minor) at 8:28, Nick Spaling (Don) for Holding (Minor) at 11:18, Cameron Gaunce (Don) for Hooking (Minor) at 16:33, Cameron Gaunce (Don) for Goalie Interference (Minor) at 17:02
Goalie Stats
Jean-Francois Berube (Cap), 28 saves from 33 shots - (0.848), W, 19-15-9, 60:00 minutes
Andrew Hammond (Don), 12 saves from 14 shots - (0.857), L, 18-16-4, 33:01 minutes
Kristers Gudlevskis (Don), 12 saves from 16 shots - (0.750), 26:30 minutes
Players Stats for Griffins
Player Name G A P +/- PIM S H SB GA TA FO MP PP MP PK MP
------------------------------------------------------------------------------------
Anton Slepyshev 1 1 2 1 0 2 1 0 0 0 0/1 9:48 0:06 0:00
Ben Hanowski 0 1 1 1 0 3 1 0 1 0 1/1 14:06 0:06 3:14
Bryan Young 0 1 1 -1 0 2 2 1 1 0 0/0 25:59 3:00 3:42
Connor Brown 0 1 1 -1 0 2 1 0 0 1 0/0 16:44 3:21 0:00
Ian McCoshen 0 1 1 0 0 0 0 0 0 0 0/0 9:11 0:00 0:00
J.T. Brown 0 1 1 0 0 0 0 2 0 0 0/1 10:00 0:09 0:40
Jamie Arniel 0 1 1 -1 2 2 3 1 1 0 16/24 19:05 3:21 2:16
Mark Jankowski 0 0 0 0 0 0 0 0 0 0 3/3 8:45 0:00 0:57
Marko Dano 0 1 1 0 0 1 0 3 0 0 19/30 18:50 4:32 0:00
Mirco Mueller 0 0 0 0 0 0 1 0 0 0 0/0 6:58 0:00 1:36
Nathan Gerbe 1 0 1 0 0 5 0 3 0 0 0/0 19:09 4:35 0:16
Nathan Oystrick 0 0 0 0 0 0 0 5 1 1 0/0 17:04 0:00 1:36
Petr Pohl 0 1 1 0 0 3 1 0 1 0 1/1 20:14 4:35 1:21
Petter Granberg 1 1 2 1 0 2 1 3 1 1 0/0 17:52 5:02 0:00
Quinton Howden 0 0 0 1 0 1 0 0 0 0 4/6 10:10 0:00 0:22
Robert Dome 0 0 0 0 2 1 1 0 1 0 0/0 9:10 0:00 0:00
Simon Despres 1 0 1 -1 0 1 2 2 0 2 0/0 23:31 5:02 0:00
Ty Wishart 0 0 0 1 0 0 2 0 0 2 0/0 19:25 3:00 3:42
Tye McGinn 2 0 2 -1 2 5 3 0 0 0 1/1 18:38 3:21 1:30
Players Stats for Diablos
Player Name G A P +/- PIM S H SB GA TA FO MP PP MP PK MP
------------------------------------------------------------------------------------
Alex Petrovic 0 1 1 -2 0 0 0 1 2 2 0/0 24:50 1:46 4:55
Andrei Mironov 0 0 0 1 0 0 1 0 0 0 0/0 13:21 0:00 2:53
Brian Dumoulin 0 0 0 -2 0 0 0 1 0 0 0/0 19:11 3:32 1:04
Bryan Bickell 0 0 0 -2 0 1 2 0 0 1 0/0 15:18 1:54 2:09
Cameron Gaunce 0 1 1 1 6 2 1 0 0 0 0/0 27:34 3:32 2:22
Corey Trivino 1 0 1 2 0 2 3 0 1 0 7/19 18:55 1:54 4:13
Danny Kristo 0 0 0 -1 0 3 1 0 1 0 0/0 10:24 0:00 0:00
Jason Akeson 1 0 1 0 0 5 2 0 1 0 0/0 20:28 3:24 1:32
Jiri Sekac 0 1 1 3 0 1 0 0 1 0 0/1 12:38 0:02 0:42
Jordan Szwarz 0 2 2 2 0 2 1 0 0 0 0/0 13:39 1:54 0:00
Lars Eller 1 1 2 0 0 5 4 1 0 0 9/27 20:28 3:24 1:32
Marek Zagrapan 1 0 1 -1 2 4 1 0 0 1 4/10 10:45 0:00 0:16
Nick Spaling 0 2 2 0 2 1 0 1 0 1 2/5 22:20 3:22 3:23
Peter Holland 0 0 0 -1 0 3 1 0 0 1 1/5 9:56 0:00 2:01
Philip Larsen 1 1 2 1 0 1 2 4 0 1 0/0 22:38 1:46 1:57
Sergey Tolchinsky 0 0 0 -1 0 1 2 0 0 0 0/1 8:12 0:00 0:16
Tyler Pitlick 0 0 0 -1 0 1 1 0 1 0 0/0 7:55 0:00 0:00
Viktor Loov 0 0 0 1 0 1 2 0 0 0 0/0 13:21 0:00 2:53
3 Stars
1 - Petter Granberg (Cap)
2 - Philip Larsen (Don)
3 - Anton Slepyshev (Cap)
Power Play
Griffins - 2 on 5 Attempt(s) - 40.00%
Diablos - 1 on 3 Attempt(s) - 33.33%
Penalty Kill
Griffins - 2 on 3 Attempt(s) - 66.67%
- Score 0 goal in Penalty Kill
Diablos - 3 on 5 Attempt(s) - 60.00%
- Score 0 goal in Penalty Kill
Team Stat
Griffins - Hits : 19 - Faceoff Wins : 45 - Blocked Shots : 20 - Penalty Minutes : 6
Diablos - Hits : 24 - Faceoff Wins : 23 - Blocked Shots : 8 - Penalty Minutes : 10
Official
Referees : Unknown
Linesman : Unknown
Game Notes
Andrew Hammond enters game at 6:30 of 2nd period
Finance
Level 1 -- Attendance: 1604 (80.20%) -- Ticket Income $43,308
Level 2 -- Attendance: 819 (81.90%) -- Ticket Income $8,190
Total Attendance: 2423 (80.77%)
Total Ticket Income: $51,498
Other Income: $2,575
Total Income: $54,073
Griffins
5 vs 5 Forward
Center Left Wing Right Wing Time % Phy DF OF
1 Marko Dano Nathan Gerbe Petr Pohl 35 0 2 3
2 Jamie Arniel Tye McGinn Connor Brown 35 0 2 3
3 Quinton Howden Anton Slepyshev Ben Hanowski 20 0 2 3
4 Mark Jankowski Robert Dome J.T. Brown 10 0 2 3
5 vs 5 Defense
Defense Defense Time % Phy DF OF
1 Simon Despres Bryan Young 40 0 2 3
2 Petter Granberg Ty Wishart 30 0 3 2
3 Nathan Oystrick Ian McCoshen 20 0 3 2
4 Nathan Oystrick Mirco Mueller 10 1 2 2
PowerPlay Forward
Center Left Wing Right Wing Time % Phy DF OF
1 Marko Dano Nathan Gerbe Petr Pohl 60 0 1 4
2 Jamie Arniel Tye McGinn Connor Brown 40 0 1 4
PowerPlay Defense
Defense Defense Time % Phy DF OF
1 Petter Granberg Simon Despres 60 0 1 4
2 Ty Wishart Bryan Young 40 0 1 4
Penalty Kill 4 Players Forward
Center Wing Time % Phy DF OF
1 Jamie Arniel Ben Hanowski 60 1 2 2
2 Tye McGinn J.T. Brown 40 1 2 2
Penalty Kill 4 Players Defense
Defense Defense Time % Phy DF OF
1 Ty Wishart Bryan Young 60 1 2 2
2 Nathan Oystrick Mirco Mueller 40 1 2 2
Penalty Kill - 3 Players Forward
Forward Time % Phy DF OF
1 J.T. Brown 60 1 2 2
2 Jamie Arniel 40 1 2 2
Penalty Kill - 3 Players Defense
Defense Defense Time % Phy DF OF
1 Simon Despres Bryan Young 60 1 2 2
2 Nathan Oystrick Mirco Mueller 40 1 2 2
4 vs 4 Forward
Center Wing Time % Phy DF OF
1 Marko Dano Petr Pohl 50 1 2 2
2 Jamie Arniel Connor Brown 50 1 2 2
4 vs 4 Defense
Defense Defense Time % Phy DF OF
1 Simon Despres Bryan Young 60 1 2 2
2 Petter Granberg Nathan Oystrick 40 1 2 2
Last Minutes Offensive
Center Left Wing Right Wing Defense Defense
Marko Dano Nathan Gerbe Connor Brown Petr Pohl Jamie Arniel
Last Minutes Defensive
Center Left Wing Right Wing Defense Defense
Ben Hanowski Tye McGinn J.T. Brown Bryan Young Nathan Oystrick
Goaltenders
Starting : Jean-Francois Berube
Backup : Olivier Roy
Extra Forwards
Normal : Petr Pohl, Connor Brown, Marko Dano - PP : J.T. Brown, Anton Slepyshev - PK : Petr Pohl
Extra Defensemen
Normal : Simon Despres, Petter Granberg, Nathan Oystrick - PP : Bryan Young - PK : Petter Granberg, Ty Wishart
Penalty Shots
Nathan Gerbe, Jamie Arniel, Marko Dano, Robert Dome, Petr Pohl
Scratches
Vladislav Namestnikov (Healthy), Garrett Wilson (Healthy), Tanner Kero (Healthy), Greg McKegg (Healthy), Brendan Woods (Healthy)
Jerome Gauthier-Leduc (Healthy), Nicholas Baptiste (Healthy), Konrad Abeltshauser (Healthy), Tomas Hyka (Healthy), Brian Hart (Healthy)
Keith Seabrook (Healthy), Marcus Hogberg (Healthy), Matt Tomkins (Healthy)
Diablos
5 vs 5 Forward
Center Left Wing Right Wing Time % Phy DF OF
1 Lars Eller Nick Spaling Jason Akeson 40 0 2 3
2 Corey Trivino Jiri Sekac Jordan Szwarz 30 0 2 3
3 Marek Zagrapan Bryan Bickell Danny Kristo 20 0 2 3
4 Peter Holland Sergey Tolchinsky Tyler Pitlick 10 1 3 1
5 vs 5 Defense
Defense Defense Time % Phy DF OF
1 Cameron Gaunce Philip Larsen 40 0 3 2
2 Alex Petrovic Brian Dumoulin 30 0 3 2
3 Viktor Loov Andrei Mironov 20 0 3 2
4 Cameron Gaunce Alex Petrovic 10 0 3 2
PowerPlay Forward
Center Left Wing Right Wing Time % Phy DF OF
1 Lars Eller Nick Spaling Jason Akeson 60 0 0 5
2 Corey Trivino Bryan Bickell Jordan Szwarz 40 0 0 5
PowerPlay Defense
Defense Defense Time % Phy DF OF
1 Cameron Gaunce Brian Dumoulin 60 0 1 4
2 Philip Larsen Alex Petrovic 40 0 1 4
Penalty Kill 4 Players Forward
Center Wing Time % Phy DF OF
1 Corey Trivino Nick Spaling 60 0 5 0
2 Lars Eller Jason Akeson 40 0 5 0
Penalty Kill 4 Players Defense
Defense Defense Time % Phy DF OF
1 Cameron Gaunce Alex Petrovic 60 0 5 0
2 Viktor Loov Andrei Mironov 40 0 5 0
Penalty Kill - 3 Players Forward
Forward Time % Phy DF OF
1 Peter Holland 60 0 5 0
2 Lars Eller 40 0 5 0
Penalty Kill - 3 Players Defense
Defense Defense Time % Phy DF OF
1 Cameron Gaunce Alex Petrovic 60 0 5 0
2 Viktor Loov Brian Dumoulin 40 0 5 0
4 vs 4 Forward
Center Wing Time % Phy DF OF
1 Marek Zagrapan Jason Akeson 60 0 2 3
2 Lars Eller Jordan Szwarz 40 0 2 3
4 vs 4 Defense
Defense Defense Time % Phy DF OF
1 Cameron Gaunce Alex Petrovic 60 0 2 3
2 Philip Larsen Alex Petrovic 40 0 2 3
Last Minutes Offensive
Center Left Wing Right Wing Defense Defense
Lars Eller Nick Spaling Jason Akeson Cameron Gaunce Alex Petrovic
Last Minutes Defensive
Center Left Wing Right Wing Defense Defense
Lars Eller Nick Spaling Jordan Szwarz Cameron Gaunce Alex Petrovic
Goaltenders
Starting : Kristers Gudlevskis
Backup : Andrew Hammond
Extra Forwards
Normal : Jordan Szwarz, Marek Zagrapan, Jason Akeson - PP : Jordan Szwarz, Jason Akeson - PK : Nick Spaling
Extra Defensemen
Normal : Brian Dumoulin, Philip Larsen, Alex Petrovic - PP : Brian Dumoulin - PK : Philip Larsen, Alex Petrovic
Penalty Shots
Nick Spaling, Jordan Szwarz, Lars Eller, Jiri Sekac, Bryan Bickell
Scratches
Tyler Lewington (Healthy), Tobias Lindberg (Healthy), Andrey Pedan (Healthy), Nikita Nesterov (Healthy), Charles Hudon (Healthy)
Barclay Goodrow (Healthy), David Musil (Healthy), Darcy Kuemper (Healthy), Joni Ortio (Healthy)
% Time on Ice - Griffins
Lines # - Real PCT - Wanted PCT - Time Play
Normal Forward
1 - 32% - 35% - 14:24
2 - 30% - 35% - 13:48
3 - 21% - 20% - 9:42
4 - 17% - 10% - 7:48
Normal Defense
1 - 41% - 40% - 18:32
2 - 29% - 30% - 13:06
3 - 20% - 20% - 9:11
4 - 11% - 10% - 4:53
PP Forward
1 - 58% - 60% - 4:41
2 - 42% - 40% - 3:21
PP Defense
1 - 63% - 60% - 5:02
2 - 37% - 40% - 3:00
PK Forward
1 - 87% - 60% - 4:38
2 - 13% - 40% - 0:40
PK Defense
1 - 70% - 60% - 3:42
2 - 30% - 40% - 1:36
PK3 Forward
1 - 0% - 60%
2 - 0% - 40%
PK3 Defense
1 - 0% - 60%
2 - 0% - 40%
44 Forward
1 - 0% - 50%
2 - 0% - 50%
44 Defense
1 - 0% - 60%
2 - 0% - 40%
Last Minute Offensive - 0:00
Last Minute Defensive - 0:58
Total
Forward - 60:00
Defense - 60:00
|
% Time on Ice - Diablos
Lines # - Real PCT - Wanted PCT - Time Play
Normal Forward
1 - 36% - 40% - 16:36
2 - 25% - 30% - 11:45
3 - 22% - 20% - 10:24
4 - 17% - 10% - 7:55
Normal Defense
1 - 42% - 40% - 19:22
2 - 30% - 30% - 13:58
3 - 22% - 20% - 10:27
4 - 6% - 10% - 2:53
PP Forward
1 - 64% - 60% - 3:24
2 - 36% - 40% - 1:54
PP Defense
1 - 67% - 60% - 3:32
2 - 33% - 40% - 1:46
PK Forward
1 - 81% - 60% - 6:30
2 - 19% - 40% - 1:32
PK Defense
1 - 64% - 60% - 5:09
2 - 36% - 40% - 2:53
PK3 Forward
1 - 0% - 60%
2 - 0% - 40%
PK3 Defense
1 - 0% - 60%
2 - 0% - 40%
44 Forward
1 - 0% - 60%
2 - 0% - 40%
44 Defense
1 - 0% - 60%
2 - 0% - 40%
Last Minute Offensive - 0:00
Last Minute Defensive - 0:00
Total
Forward - 60:00
Defense - 60:00
|
Play-by-Play
1st period
0:01 of 1st period - Nick Spaling wins face-off versus Marko Dano in neutral zone.
0:26 of 1st period - Simon Despres is hit by Philip Larsen and loses puck.
0:51 of 1st period - Backhand shot by Danny Kristo.
0:51 of 1st period - Shot Blocked by Simon Despres.
1:13 of 1st period - Quinton Howden is hit by Tyler Pitlick and loses puck.
2:39 of 1st period - Icing by Petter Granberg.
2:40 of 1st period - Quinton Howden wins face-off versus Sergey Tolchinsky in Griffins zone.
3:10 of 1st period - Alex Petrovic is hit by Jamie Arniel and loses puck.
3:25 of 1st period - Jordan Szwarz is hit by Mirco Mueller.
3:33 of 1st period - Wrist shot by Jordan Szwarz.
3:33 of 1st period - Shot Blocked by Nathan Oystrick.
4:32 of 1st period - Tyler Pitlick is hit by Tye McGinn and loses puck.
5:03 of 1st period - Slapshot by Quinton Howden.
5:03 of 1st period - Stopped by Kristers Gudlevskis with a rebound.
5:13 of 1st period - Marko Dano is hit by Bryan Bickell and loses puck.
5:39 of 1st period - Backhand shot by Nick Spaling.
5:39 of 1st period - Shot Misses the Net.
5:41 of 1st period - Wrist shot by Nick Spaling.
5:41 of 1st period - Deflect By Jason Akeson.
5:41 of 1st period - Stopped by Jean-Francois Berube without a rebound.
5:42 of 1st period - Jamie Arniel wins face-off versus Corey Trivino in Griffins zone.
5:49 of 1st period - Jordan Szwarz is hit by Connor Brown and loses puck.
7:12 of 1st period - Wrist shot by Tye McGinn.
7:12 of 1st period - Stopped by Kristers Gudlevskis without a rebound.
7:13 of 1st period - Corey Trivino wins face-off versus Jamie Arniel in Diablos zone.
7:20 of 1st period - Jamie Arniel is hit by Corey Trivino and loses puck.
8:02 of 1st period - Ben Hanowski is hit by Viktor Loov and loses puck.
8:23 of 1st period - Tyler Pitlick is hit by Tye McGinn and loses puck.
8:38 of 1st period - Minor Penalty to Tye McGinn for Cross-checking.
8:39 of 1st period - Jamie Arniel wins face-off versus Nick Spaling in Griffins zone.
8:53 of 1st period - Off-side.
8:54 of 1st period - Jamie Arniel wins face-off versus Lars Eller in neutral zone.
8:57 of 1st period - Snap shot by Jamie Arniel.
8:57 of 1st period - Shot Blocked by Lars Eller.
9:02 of 1st period - Off-side.
9:03 of 1st period - Lars Eller wins face-off versus Jamie Arniel in neutral zone.
9:08 of 1st period - Wrist shot by Lars Eller.
9:08 of 1st period - Stopped by Jean-Francois Berube with a rebound.
9:18 of 1st period - Slapshot by Nick Spaling.
9:18 of 1st period - Stopped by Jean-Francois Berube without a rebound.
9:19 of 1st period - Jamie Arniel wins face-off versus Lars Eller in Griffins zone.
9:32 of 1st period - Icing by Nick Spaling.
9:33 of 1st period - Jamie Arniel wins face-off versus Lars Eller in Diablos zone.
9:48 of 1st period - Snap shot by Lars Eller.
9:48 of 1st period - Stopped by Jean-Francois Berube with a rebound.
9:58 of 1st period - Wrist shot by Jason Akeson.
9:58 of 1st period - Goal by Jason Akeson - Griffins : 0 - Diablos : 1.
9:59 of 1st period - Marko Dano wins face-off versus Lars Eller in neutral zone.
10:12 of 1st period - Wrist shot by Lars Eller.
10:12 of 1st period - Shot Blocked by Nathan Gerbe.
10:24 of 1st period - Corey Trivino is hit by Tye McGinn and loses puck.
10:47 of 1st period - Wrist shot by J.T. Brown.
10:47 of 1st period - Deflect By Robert Dome.
10:47 of 1st period - Shot Misses the Net.
10:47 of 1st period - Puck is out of play.
10:48 of 1st period - Mark Jankowski wins face-off versus Lars Eller in Diablos zone.
11:13 of 1st period - Snap shot by Petr Pohl.
11:13 of 1st period - Stopped by Kristers Gudlevskis without a rebound.
11:14 of 1st period - Marek Zagrapan wins face-off versus Marko Dano in Diablos zone.
11:18 of 1st period - Off-side.
11:19 of 1st period - Lars Eller wins face-off versus Marko Dano in neutral zone.
11:44 of 1st period - Snap shot by Tye McGinn.
11:44 of 1st period - Shot Misses the Net.
11:46 of 1st period - Snap shot by Bryan Young.
11:46 of 1st period - Stopped by Kristers Gudlevskis with a rebound.
11:48 of 1st period - Snap shot by Bryan Young.
11:48 of 1st period - Shot Misses the Net.
11:50 of 1st period - Backhand shot by Jamie Arniel.
11:50 of 1st period - Stopped by Kristers Gudlevskis with a rebound.
11:52 of 1st period - Snap shot by Tye McGinn.
11:52 of 1st period - Stopped by Kristers Gudlevskis without a rebound.
11:53 of 1st period - Lars Eller wins face-off versus Jamie Arniel in Diablos zone.
12:20 of 1st period - Petter Granberg is hit by Cameron Gaunce.
12:42 of 1st period - Snap shot by Ben Hanowski.
12:42 of 1st period - Shot Misses the Net.
12:44 of 1st period - Backhand shot by Bryan Young.
12:44 of 1st period - Deflect By Anton Slepyshev.
12:44 of 1st period - Goal by Anton Slepyshev - Griffins : 1 - Diablos : 1.
12:45 of 1st period - Marko Dano wins face-off versus Lars Eller in neutral zone.
13:10 of 1st period - Alex Petrovic is hit by Anton Slepyshev and loses puck.
13:55 of 1st period - Off-side.
13:56 of 1st period - Marko Dano wins face-off versus Peter Holland in neutral zone.
13:58 of 1st period - Off-side.
13:59 of 1st period - Marko Dano wins face-off versus Peter Holland in neutral zone.
14:08 of 1st period - Marko Dano is hit by Andrei Mironov and loses puck.
14:26 of 1st period - Off-side.
14:27 of 1st period - Lars Eller wins face-off versus Jamie Arniel in neutral zone.
14:38 of 1st period - Snap shot by Tye McGinn.
14:38 of 1st period - Shot Misses the Net.
14:54 of 1st period - Snap shot by Lars Eller.
14:54 of 1st period - Shot Blocked by Nathan Oystrick.
15:02 of 1st period - Snap shot by Tye McGinn.
15:02 of 1st period - Goal by Tye McGinn - Griffins : 2 - Diablos : 1.
15:03 of 1st period - Marko Dano wins face-off versus Corey Trivino in neutral zone.
16:15 of 1st period - Snap shot by Marko Dano.
16:15 of 1st period - Stopped by Kristers Gudlevskis with a rebound.
16:35 of 1st period - Slapshot by Danny Kristo.
16:35 of 1st period - Shot Blocked by Marko Dano.
16:37 of 1st period - Slapshot by Cameron Gaunce.
16:37 of 1st period - Shot Blocked by Nathan Gerbe.
16:39 of 1st period - Slapshot by Bryan Bickell.
16:39 of 1st period - Stopped by Jean-Francois Berube with a rebound.
16:41 of 1st period - Wrist shot by Bryan Bickell.
16:41 of 1st period - Shot Misses the Net.
16:43 of 1st period - Snap shot by Philip Larsen.
16:43 of 1st period - Shot Blocked by Nathan Oystrick.
16:45 of 1st period - Snap shot by Cameron Gaunce.
16:45 of 1st period - Stopped by Jean-Francois Berube without a rebound.
16:46 of 1st period - Lars Eller wins face-off versus Jamie Arniel in Griffins zone.
17:22 of 1st period - Snap shot by Ben Hanowski.
17:22 of 1st period - Stopped by Kristers Gudlevskis with a rebound.
17:31 of 1st period - Minor Penalty to Robert Dome for Tripping.
17:32 of 1st period - Jamie Arniel wins face-off versus Lars Eller in Griffins zone.
17:32 of 1st period - Jamie Arniel is hit by Jason Akeson.
17:43 of 1st period - Bryan Young is hit by Lars Eller and loses puck.
18:48 of 1st period - Nick Spaling is hit by Bryan Young and loses puck.
19:31 of 1st period - Penalty to Robert Dome is over, Robert Dome is back on ice.
19:37 of 1st period - Snap shot by J.T. Brown.
19:37 of 1st period - Shot Misses the Net.
19:43 of 1st period - Wrist shot by Robert Dome.
19:43 of 1st period - Shot Blocked by Philip Larsen.
Goals for this period are 2 for Griffins vs 1 for Diablos .
Shots for this period are 10 for Griffins vs 7 for Diablos .
2nd period
0:01 of 2nd period - Marko Dano wins face-off versus Lars Eller in neutral zone.
0:34 of 2nd period - Wrist shot by Marek Zagrapan.
0:34 of 2nd period - Stopped by Jean-Francois Berube without a rebound.
0:35 of 2nd period - Jamie Arniel wins face-off versus Marek Zagrapan in Griffins zone.
0:35 of 2nd period - Jamie Arniel is hit by Bryan Bickell.
0:57 of 2nd period - Snap shot by Marek Zagrapan.
0:57 of 2nd period - Stopped by Jean-Francois Berube with a rebound.
1:03 of 2nd period - Snap shot by Connor Brown.
1:03 of 2nd period - Stopped by Kristers Gudlevskis with a rebound.
1:05 of 2nd period - Snap shot by Tye McGinn.
1:05 of 2nd period - Goal by Tye McGinn - Griffins : 3 - Diablos : 1.
1:06 of 2nd period - Marko Dano wins face-off versus Lars Eller in neutral zone.
1:15 of 2nd period - Snap shot by Marko Dano.
1:15 of 2nd period - Deflect By Nathan Gerbe.
1:15 of 2nd period - Stopped by Kristers Gudlevskis with a rebound.
1:43 of 2nd period - Icing by Cameron Gaunce.
1:44 of 2nd period - Jamie Arniel wins face-off versus Marek Zagrapan in Diablos zone.
1:47 of 2nd period - Wrist shot by Connor Brown.
1:47 of 2nd period - Stopped by Kristers Gudlevskis without a rebound.
1:48 of 2nd period - Lars Eller wins face-off versus Jamie Arniel in Diablos zone.
1:55 of 2nd period - Wrist shot by Jason Akeson.
1:55 of 2nd period - Shot Blocked by Jamie Arniel.
1:57 of 2nd period - Slapshot by Brian Dumoulin.
1:57 of 2nd period - Shot Blocked by Petter Granberg.
1:59 of 2nd period - Wrist shot by Lars Eller.
1:59 of 2nd period - Stopped by Jean-Francois Berube without a rebound.
2:00 of 2nd period - Marko Dano wins face-off versus Corey Trivino in Griffins zone.
2:11 of 2nd period - Snap shot by Petr Pohl.
2:11 of 2nd period - Deflect By Nathan Gerbe.
2:11 of 2nd period - Stopped by Kristers Gudlevskis with a rebound.
2:25 of 2nd period - Nick Spaling is hit by Simon Despres and loses puck.
2:54 of 2nd period - Ian McCoshen is hit by Marek Zagrapan and loses puck.
3:07 of 2nd period - Snap shot by Robert Dome.
3:07 of 2nd period - Shot Blocked by Brian Dumoulin.
3:10 of 2nd period - Icing by Alex Petrovic.
3:11 of 2nd period - Mark Jankowski wins face-off versus Peter Holland in Diablos zone.
3:12 of 2nd period - Snap shot by J.T. Brown.
3:12 of 2nd period - Shot Misses the Net.
4:21 of 2nd period - Wrist shot by Peter Holland.
4:21 of 2nd period - Shot Misses the Net.
4:23 of 2nd period - Snap shot by Alex Petrovic.
4:23 of 2nd period - Shot Misses the Net.
4:25 of 2nd period - Slapshot by Brian Dumoulin.
4:25 of 2nd period - Deflect By Tyler Pitlick.
4:25 of 2nd period - Shot Blocked by J.T. Brown.
4:25 of 2nd period - Puck is out of play.
4:26 of 2nd period - Marko Dano wins face-off versus Corey Trivino in Griffins zone.
4:53 of 2nd period - Jamie Arniel is hit by Lars Eller and loses puck.
5:02 of 2nd period - Wrist shot by Lars Eller.
5:02 of 2nd period - Goal by Lars Eller - Griffins : 3 - Diablos : 2.
5:03 of 2nd period - Marko Dano wins face-off versus Lars Eller in neutral zone.
5:06 of 2nd period - Nick Spaling is hit by Simon Despres and loses puck.
5:51 of 2nd period - Jamie Arniel is hit by Corey Trivino and loses puck.
6:30 of 2nd period - Slapshot by Nathan Gerbe.
6:30 of 2nd period - Goal by Nathan Gerbe - Griffins : 4 - Diablos : 2.
6:30 of 2nd period - Andrew Hammond enters game.
6:31 of 2nd period - Marko Dano wins face-off versus Jiri Sekac in neutral zone.
7:04 of 2nd period - Wrist shot by Lars Eller.
7:04 of 2nd period - Deflect By Jason Akeson.
7:04 of 2nd period - Shot Blocked by Simon Despres.
7:04 of 2nd period - Puck is out of play.
7:05 of 2nd period - Quinton Howden wins face-off versus Corey Trivino in Griffins zone.
7:35 of 2nd period - Ben Hanowski is hit by Philip Larsen and loses puck.
7:51 of 2nd period - Marek Zagrapan is hit by Ty Wishart and loses puck.
8:06 of 2nd period - Wrist shot by Bryan Bickell.
8:06 of 2nd period - Deflect By Danny Kristo.
8:06 of 2nd period - Shot Misses the Net.
8:06 of 2nd period - Puck is out of play.
8:07 of 2nd period - Lars Eller wins face-off versus Marko Dano in Griffins zone.
8:18 of 2nd period - Snap shot by Jason Akeson.
8:18 of 2nd period - Stopped by Jean-Francois Berube without a rebound.
8:19 of 2nd period - Lars Eller wins face-off versus Marko Dano in Griffins zone.
8:26 of 2nd period - Wrist shot by Jason Akeson.
8:26 of 2nd period - Shot Blocked by Marko Dano.
8:34 of 2nd period - Wrist shot by Nick Spaling.
8:34 of 2nd period - Deflect By Lars Eller.
8:34 of 2nd period - Shot Misses the Net.
8:34 of 2nd period - Puck is out of play.
8:35 of 2nd period - Corey Trivino wins face-off versus Jamie Arniel in Griffins zone.
8:50 of 2nd period - Wrist shot by Tye McGinn.
8:50 of 2nd period - Stopped by Andrew Hammond without a rebound.
8:51 of 2nd period - Marko Dano wins face-off versus Lars Eller in Diablos zone.
9:02 of 2nd period - Slapshot by Petr Pohl.
9:02 of 2nd period - Shot Misses the Net.
9:24 of 2nd period - Wrist shot by Tye McGinn.
9:24 of 2nd period - Shot Misses the Net.
9:35 of 2nd period - Icing by Jiri Sekac.
9:36 of 2nd period - Ben Hanowski wins face-off versus Marek Zagrapan in Diablos zone.
9:37 of 2nd period - Snap shot by Anton Slepyshev.
9:37 of 2nd period - Stopped by Andrew Hammond without a rebound.
9:38 of 2nd period - Quinton Howden wins face-off versus Marek Zagrapan in Diablos zone.
9:41 of 2nd period - Wrist shot by Anton Slepyshev.
9:41 of 2nd period - Shot Misses the Net.
10:15 of 2nd period - Snap shot by Marko Dano.
10:15 of 2nd period - Shot Misses the Net.
10:31 of 2nd period - Snap shot by Jordan Szwarz.
10:31 of 2nd period - Deflect By Corey Trivino.
10:31 of 2nd period - Goal by Corey Trivino - Griffins : 4 - Diablos : 3.
10:32 of 2nd period - Jamie Arniel wins face-off versus Lars Eller in neutral zone.
11:06 of 2nd period - Wrist shot by Jiri Sekac.
11:06 of 2nd period - Stopped by Jean-Francois Berube with a rebound.
11:08 of 2nd period - Snap shot by Philip Larsen.
11:08 of 2nd period - Goal by Philip Larsen - Griffins : 4 - Diablos : 4.
11:09 of 2nd period - Lars Eller wins face-off versus Jamie Arniel in neutral zone.
11:58 of 2nd period - Slapshot by Robert Dome.
11:58 of 2nd period - Stopped by Andrew Hammond with a rebound.
13:19 of 2nd period - Slapshot by Jordan Szwarz.
13:19 of 2nd period - Stopped by Jean-Francois Berube with a rebound.
13:21 of 2nd period - Snap shot by Marek Zagrapan.
13:21 of 2nd period - Shot Misses the Net.
13:25 of 2nd period - Slapshot by Marek Zagrapan.
13:25 of 2nd period - Shot Misses the Net.
13:27 of 2nd period - Slapshot by Marek Zagrapan.
13:27 of 2nd period - Shot Blocked by Nathan Oystrick.
13:29 of 2nd period - Slapshot by Marek Zagrapan.
13:29 of 2nd period - Stopped by Jean-Francois Berube with a rebound.
13:31 of 2nd period - Snap shot by Marek Zagrapan.
13:31 of 2nd period - Shot Misses the Net.
14:11 of 2nd period - Snap shot by Peter Holland.
14:11 of 2nd period - Stopped by Jean-Francois Berube with a rebound.
14:13 of 2nd period - Snap shot by Tyler Pitlick.
14:13 of 2nd period - Shot Misses the Net.
14:15 of 2nd period - Wrist shot by Tyler Pitlick.
14:15 of 2nd period - Shot Blocked by Marko Dano.
14:17 of 2nd period - Wrist shot by Sergey Tolchinsky.
14:17 of 2nd period - Stopped by Jean-Francois Berube with a rebound.
14:26 of 2nd period - Slapshot by Viktor Loov.
14:26 of 2nd period - Stopped by Jean-Francois Berube with a rebound.
14:38 of 2nd period - Snap shot by Peter Holland.
14:38 of 2nd period - Stopped by Jean-Francois Berube without a rebound.
14:39 of 2nd period - Tye McGinn wins face-off versus Lars Eller in Griffins zone.
15:08 of 2nd period - Snap shot by Robert Dome.
15:08 of 2nd period - Shot Blocked by Philip Larsen.
15:48 of 2nd period - Snap shot by Lars Eller.
15:48 of 2nd period - Stopped by Jean-Francois Berube with a rebound.
15:50 of 2nd period - Snap shot by Nick Spaling.
15:50 of 2nd period - Deflect By Jason Akeson.
15:50 of 2nd period - Stopped by Jean-Francois Berube with a rebound.
15:52 of 2nd period - Slapshot by Cameron Gaunce.
15:52 of 2nd period - Shot Blocked by Nathan Oystrick.
15:54 of 2nd period - Slapshot by Cameron Gaunce.
15:54 of 2nd period - Stopped by Jean-Francois Berube with a rebound.
15:56 of 2nd period - Wrist shot by Jason Akeson.
15:56 of 2nd period - Stopped by Jean-Francois Berube without a rebound.
15:57 of 2nd period - Jamie Arniel wins face-off versus Corey Trivino in Griffins zone.
16:07 of 2nd period - Off-side.
16:08 of 2nd period - Corey Trivino wins face-off versus Marko Dano in neutral zone.
16:14 of 2nd period - Icing by Bryan Young.
16:15 of 2nd period - Corey Trivino wins face-off versus Marko Dano in Griffins zone.
16:30 of 2nd period - Icing by Corey Trivino.
16:31 of 2nd period - Jamie Arniel wins face-off versus Corey Trivino in Diablos zone.
17:05 of 2nd period - Petr Pohl is hit by Lars Eller and loses puck.
17:24 of 2nd period - Snap shot by Ben Hanowski.
17:24 of 2nd period - Stopped by Andrew Hammond without a rebound.
17:25 of 2nd period - Jamie Arniel wins face-off versus Marek Zagrapan in Diablos zone.
17:30 of 2nd period - Wrist shot by Tye McGinn.
17:30 of 2nd period - Shot Misses the Net.
17:47 of 2nd period - Wrist shot by Marek Zagrapan.
17:47 of 2nd period - Shot Misses the Net.
17:55 of 2nd period - Wrist shot by Danny Kristo.
17:55 of 2nd period - Stopped by Jean-Francois Berube without a rebound.
17:56 of 2nd period - Corey Trivino wins face-off versus Marko Dano in Griffins zone.
18:01 of 2nd period - Snap shot by Jordan Szwarz.
18:01 of 2nd period - Shot Blocked by Nathan Gerbe.
19:21 of 2nd period - Bryan Bickell is hit by Robert Dome.
19:36 of 2nd period - Off-side.
19:37 of 2nd period - Marko Dano wins face-off versus Lars Eller in neutral zone.
19:37 of 2nd period - Marko Dano is hit by Jason Akeson.
19:47 of 2nd period - Snap shot by Nathan Gerbe.
19:47 of 2nd period - Shot Misses the Net.
Goals for this period are 2 for Griffins vs 3 for Diablos .
Shots for this period are 10 for Griffins vs 19 for Diablos .
3rd period
0:01 of 3rd period - Jamie Arniel wins face-off versus Lars Eller in neutral zone.
0:12 of 3rd period - Snap shot by Nick Spaling.
0:12 of 3rd period - Shot Misses the Net.
1:12 of 3rd period - Wrist shot by J.T. Brown.
1:12 of 3rd period - Shot Misses the Net.
1:15 of 3rd period - Icing by Peter Holland.
1:16 of 3rd period - Jamie Arniel wins face-off versus Peter Holland in Diablos zone.
2:10 of 3rd period - Wrist shot by Jiri Sekac.
2:10 of 3rd period - Shot Blocked by Bryan Young.
2:14 of 3rd period - Wrist shot by Jordan Szwarz.
2:14 of 3rd period - Stopped by Jean-Francois Berube with a rebound.
2:24 of 3rd period - Slapshot by Bryan Young.
2:24 of 3rd period - Stopped by Andrew Hammond without a rebound.
2:25 of 3rd period - Mark Jankowski wins face-off versus Marek Zagrapan in Diablos zone.
2:29 of 3rd period - Minor Penalty to Marek Zagrapan for Roughing.
2:30 of 3rd period - Marko Dano wins face-off versus Nick Spaling in Diablos zone.
2:32 of 3rd period - Snap shot by Nathan Gerbe.
2:32 of 3rd period - Stopped by Andrew Hammond without a rebound.
2:33 of 3rd period - Nick Spaling wins face-off versus Marko Dano in Diablos zone.
2:33 of 3rd period - Nick Spaling is hit by Petter Granberg.
3:10 of 3rd period - Snap shot by Petr Pohl.
3:10 of 3rd period - Stopped by Andrew Hammond with a rebound.
3:12 of 3rd period - Slapshot by Marko Dano.
3:12 of 3rd period - Shot Misses the Net.
3:14 of 3rd period - Snap shot by Petter Granberg.
3:14 of 3rd period - Shot Misses the Net.
3:16 of 3rd period - Slapshot by Petter Granberg.
3:16 of 3rd period - Stopped by Andrew Hammond without a rebound.
3:17 of 3rd period - Jamie Arniel wins face-off versus Corey Trivino in Diablos zone.
3:24 of 3rd period - Wrist shot by Jamie Arniel.
3:24 of 3rd period - Stopped by Andrew Hammond with a rebound.
3:30 of 3rd period - Andrei Mironov is hit by Jamie Arniel.
4:00 of 3rd period - Connor Brown is hit by Peter Holland and loses puck.
4:29 of 3rd period - Penalty to Marek Zagrapan is over, Marek Zagrapan is back on ice.
4:49 of 3rd period - Snap shot by Danny Kristo.
4:49 of 3rd period - Stopped by Jean-Francois Berube without a rebound.
4:50 of 3rd period - Marek Zagrapan wins face-off versus J.T. Brown in Griffins zone.
4:51 of 3rd period - Snap shot by Danny Kristo.
4:51 of 3rd period - Stopped by Jean-Francois Berube with a rebound.
5:17 of 3rd period - Mirco Mueller is hit by Lars Eller.
5:26 of 3rd period - Nathan Oystrick is hit by Viktor Loov and loses puck.
5:45 of 3rd period - Philip Larsen is hit by Ty Wishart and loses puck.
5:54 of 3rd period - Snap shot by Petr Pohl.
5:54 of 3rd period - Shot Blocked by Philip Larsen.
6:00 of 3rd period - Minor Penalty to Cameron Gaunce for Tripping.
6:01 of 3rd period - Corey Trivino wins face-off versus Marko Dano in Diablos zone.
6:01 of 3rd period - Corey Trivino is hit by Petr Pohl.
6:15 of 3rd period - Snap shot by Nathan Gerbe.
6:15 of 3rd period - Stopped by Andrew Hammond with a rebound.
6:17 of 3rd period - Backhand shot by Petter Granberg.
6:17 of 3rd period - Shot Blocked by Nick Spaling.
7:57 of 3rd period - Wrist shot by Anton Slepyshev.
7:57 of 3rd period - Shot Blocked by Philip Larsen.
7:59 of 3rd period - Snap shot by Petter Granberg.
7:59 of 3rd period - Deflect By Nick Spaling.
7:59 of 3rd period - Goal by Petter Granberg - Griffins : 5 - Diablos : 4.
8:00 of 3rd period - Quinton Howden wins face-off versus Corey Trivino in neutral zone.
8:09 of 3rd period - Snap shot by Ben Hanowski.
8:09 of 3rd period - Stopped by Andrew Hammond with a rebound.
8:14 of 3rd period - Off-side.
8:15 of 3rd period - Jamie Arniel wins face-off versus Lars Eller in neutral zone.
8:18 of 3rd period - Jason Akeson is hit by Jamie Arniel and loses puck.
8:28 of 3rd period - Minor Penalty to Jamie Arniel for Hooking.
8:29 of 3rd period - Petr Pohl wins face-off versus Lars Eller in Griffins zone.
10:28 of 3rd period - Penalty to Jamie Arniel is over, Jamie Arniel is back on ice.
11:03 of 3rd period - Wrist shot by Marek Zagrapan.
11:03 of 3rd period - Shot Misses the Net.
11:05 of 3rd period - Snap shot by Marek Zagrapan.
11:05 of 3rd period - Goal by Marek Zagrapan - Griffins : 5 - Diablos : 5.
11:06 of 3rd period - Marko Dano wins face-off versus Lars Eller in neutral zone.
11:18 of 3rd period - Minor Penalty to Nick Spaling for Holding.
11:19 of 3rd period - Marko Dano wins face-off versus Corey Trivino in Diablos zone.
11:19 of 3rd period - Wrist shot by Petr Pohl.
11:19 of 3rd period - Shot Misses the Net.
11:21 of 3rd period - Slapshot by Petr Pohl.
11:21 of 3rd period - Stopped by Andrew Hammond without a rebound.
11:22 of 3rd period - Corey Trivino wins face-off versus Marko Dano in Diablos zone.
12:42 of 3rd period - Cameron Gaunce is hit by Bryan Young and loses puck.
13:05 of 3rd period - Marko Dano is hit by Sergey Tolchinsky and loses puck.
13:18 of 3rd period - Penalty to Nick Spaling is over, Nick Spaling is back on ice.
14:16 of 3rd period - Ian McCoshen is hit by Corey Trivino and loses puck.
15:19 of 3rd period - Jamie Arniel is hit by Jordan Szwarz and loses puck.
15:38 of 3rd period - Marko Dano is hit by Sergey Tolchinsky and loses puck.
15:43 of 3rd period - Wrist shot by Peter Holland.
15:43 of 3rd period - Stopped by Jean-Francois Berube without a rebound.
15:44 of 3rd period - Peter Holland wins face-off versus Quinton Howden in Griffins zone.
15:45 of 3rd period - Wrist shot by Tyler Pitlick.
15:45 of 3rd period - Stopped by Jean-Francois Berube without a rebound.
15:46 of 3rd period - Marek Zagrapan wins face-off versus Anton Slepyshev in Griffins zone.
15:59 of 3rd period - Wrist shot by Marek Zagrapan.
15:59 of 3rd period - Shot Blocked by Petter Granberg.
16:01 of 3rd period - Slapshot by Philip Larsen.
16:01 of 3rd period - Shot Blocked by Petter Granberg.
16:11 of 3rd period - Wrist shot by Corey Trivino.
16:11 of 3rd period - Stopped by Jean-Francois Berube without a rebound.
16:12 of 3rd period - Marko Dano wins face-off versus Corey Trivino in Griffins zone.
16:33 of 3rd period - Minor Penalty to Cameron Gaunce for Hooking.
16:34 of 3rd period - Marko Dano wins face-off versus Corey Trivino in Diablos zone.
16:37 of 3rd period - Snap shot by Petr Pohl.
16:37 of 3rd period - Shot Misses the Net.
16:39 of 3rd period - Slapshot by Simon Despres.
16:39 of 3rd period - Goal by Simon Despres - Griffins : 6 - Diablos : 5.
16:40 of 3rd period - Marek Zagrapan wins face-off versus Quinton Howden in neutral zone.
16:47 of 3rd period - Anton Slepyshev is hit by Danny Kristo and loses puck.
17:02 of 3rd period - Minor Penalty to Cameron Gaunce for Goalie Interference.
17:03 of 3rd period - Marko Dano wins face-off versus Nick Spaling in Diablos zone.
19:02 of 3rd period - Penalty to Cameron Gaunce is over, Cameron Gaunce is back on ice.
19:08 of 3rd period - Cameron Gaunce is hit by Ben Hanowski and loses puck.
19:25 of 3rd period - Snap shot by Robert Dome.
19:25 of 3rd period - Shot Blocked by Alex Petrovic.
19:31 of 3rd period - Diablos , Andrew Hammond is pulled from the net.
19:34 of 3rd period - Slapshot by Brian Dumoulin.
19:34 of 3rd period - Shot Blocked by J.T. Brown.
Goals for this period are 2 for Griffins vs 1 for Diablos .
Shots for this period are 10 for Griffins vs 7 for Diablos .
Back to the Top